 Dungeon Crawl Stone Soup version 0.23.2 (webtiles) character file.

Game seed: 16583553804034761048

15509 Borgoz the Slicer (level 12, 0/114 HPs)
             Began as a Kobold Berserker on Apr 10, 2019.
             Was a High Priest of Trog.
             Slain by a deep troll earth mage (4 damage)
             ... on level 11 of the Dungeon.
             The game lasted 00:25:22 (9666 turns).

Borgoz the Slicer (Kobold Berserker)                Turns: 9666, Time: 00:25:23

Health: 0/114      AC: 18    Str: 23    XL:     12   Next: 58%
Magic:  15/15      EV: 17    Int:  8    God:    Trog [*****.]
Gold:   608        SH: 13    Dex: 16    Spells: 11/11 levels left

rFire    . . .     SeeInvis +   a - +6 rapier "Harotoh" {venom, rElec}
rCold    + + .     Gourm    .   g - +2 shield {reflect}
rNeg     . . .     Faith    .   S - +5 scale mail of Magic {rC+ SInv}
rPois    .         Spirit   .   j - +0 helmet
rElec    +         Reflect  +   (no cloak)
rCorr    .         Harm     .   h - +0 pair of gloves
MR       +....                  f - +0 pair of boots
Stlth    ..........             o - amulet of the acrobat
HPRegen  0.29/turn              A - ring of protection from magic
MPRegen  0.14/turn              R - ring "Jopsogan" {rC+ AC+1}

@: berserking (expiring), very quick
A: small, carnivore
a: Berserk, Trog's Hand, Brothers in Arms, Renounce Religion


You were on level 11 of the Dungeon.
You worshipped Trog.
Trog was extremely pleased with you.
You were very full.

You visited 2 branches of the dungeon, and saw 12 of its levels.

You collected 608 gold pieces.

Inventory:

Hand Weapons
 a - the +6 rapier "Harotoh" (weapon) {venom, rElec}
   (Trog gifted it to you on level 8 of the Dungeon)

   It poisons the flesh of those it strikes.
   It insulates you from electricity.
 b - a +1 dagger of flaming
 q - a +3 dagger
 w - a +1 dagger of venom
 y - the +5 hand axe "Inuegonuso" {venom, rC+ Int+2}
   (You found it on level 6 of the Dungeon)

   It poisons the flesh of those it strikes.
   It affects your intelligence (+2).
   It protects you from cold.
 D - a +0 rapier
 H - a +2 short sword of draining
 J - the +6 quarterstaff "Itokisum" {freeze, MR+}
   (You took it off an orc priest on level 8 of the Dungeon)

   It has been specially enchanted to freeze those struck by it, causing extra
   injury to most foes and up to half again as much damage against particularly
   susceptible opponents.
   It can also slow down cold-blooded creatures.
   It affects your resistance to hostile enchantments.
 U - a +3 short sword
 X - a +0 rapier
Missiles
 k - 5 poisoned tomahawks (quivered)
 m - 7 tomahawks
Armour
 f - a +0 pair of boots (worn)
 g - a +2 shield of reflection (worn)
 h - a +0 pair of gloves (worn)
 j - a +0 helmet (worn)
 x - the +2 leather armour "Gagaeff" {rN+ Dex+3}
   (You found it on level 6 of the Dungeon)

   It affects your dexterity (+3).
   It protects you from negative energy.
 F - +0 storm dragon scales
 O - a +0 troll leather armour
 S - the +5 scale mail of Magic (worn) {rC+ SInv}
   (You found it on level 11 of the Dungeon)

   It protects you from cold.
   It lets you see invisible.
 T - +0 swamp dragon scales
Jewellery
 o - an amulet of the acrobat (around neck)
 s - an uncursed ring of ice
 A - a ring of protection from magic (left hand)
 G - an uncursed ring of resist corrosion
 Q - an uncursed ring of stealth
 R - the ring "Jopsogan" (right hand) {rC+ AC+1}
   (You found it on level 10 of the Dungeon)

   [ring of protection]

   It affects your AC (+1).
   It protects you from cold.
Wands
 i - a wand of flame (16)
 C - a wand of enslavement (9)
 E - a wand of paralysis (11)
 N - a wand of random effects (16)
Scrolls
 n - a scroll of magic mapping
 t - a scroll of blinking
 v - 3 scrolls of teleportation
 B - 2 scrolls of enchant armour
 K - a scroll of fear
Potions
 d - 5 potions of heal wounds
 e - 2 potions of flight
 l - a potion of curing {unknown}
 p - 2 potions of agility
 r - 3 potions of lignification
 u - a potion of berserk rage {unknown}
 z - a potion of cancellation
 I - a potion of might {unknown}
 L - a potion of haste {unknown}
 M - 2 potions of magic
 V - a potion of ambrosia {unknown}
Comestibles
 c - 26 rations


   Skills:
 + Level 9.3 Fighting
 + Level 10.8 Short Blades
 * Level 9.6 Armour
 + Level 9.8 Dodging
 - Level 6.3 Stealth
 + Level 5.2 Shields
 - Level 5.0 Evocations


You had 11 spell levels left.
You didn't know any spells.
Your spell library was empty.

Dungeon Overview and Level Annotations

Branches:
Dungeon (11/15)            Temple (1/1) D:4            Lair (0/6) D:9
    Orc: D:9-12

Altars:
Ashenzari
Cheibriados
Dithmenos
Elyvilon
Fedhas
Gozag
Hepliaklqana
Kikubaaqudgha
Makhleb
Nemelex Xobeh
Okawaru
Qazlal
Ru
Sif Muna
Trog
Uskayaw
Vehumet
Wu Jian
Xom
Yredelemnul
Zin
The Shining One
Beogh

Annotations:
D:10 3 runed translucent doors, bmj180's ghost, novice TrMo


Innate Abilities, Weirdness & Mutations

You are small and have problems with some larger weapons.
You are carnivorous and can eat meat at any time.


Message History

The deep troll earth mage is lightly wounded.
You block the deep troll earth mage's attack.
The deep troll earth mage claws you but does no damage.
The deep troll earth mage completely misses you.
You puncture the deep troll earth mage!
The deep troll earth mage looks as sick as possible!
The deep troll earth mage is moderately wounded.
You hit the deep troll earth mage.
The deep troll earth mage looks as sick as possible!
The deep troll earth mage is heavily wounded.
You block the deep troll earth mage's attack.
The deep troll earth mage misses you.
The deep troll earth mage claws you but does no damage.
You closely miss the deep troll earth mage.
The deep troll earth mage is heavily wounded.
You barely miss the deep troll earth mage.
The deep troll earth mage is heavily wounded.
You block the deep troll earth mage's attack. x2
The deep troll earth mage claws you.
You die...

...........# ##### ##'##....
...........# #(()#....
...........# #..(#....
...........#### #...#....
..............# ##...#....
...........(..# .##..##....
#######..(....#######.###..#.....
#.......#.)....##.#..#.....
#....(..#.@T..##..'.##.....
#######.......#...###..)#.#......
..............##'#####'####......
..............#.........# #######
..........)...#.......###
..............#...)##############
..............######.............
.........).......................
..########..##########...........


You could see a deep troll earth mage.

Vanquished Creatures
  A frost giant (D:11)
  A centaur warrior (D:11)
  Erica (D:9)
  2 two-headed ogres (D:11)
  A death knight (D:10)
  An ogre mage (D:11)
  An unseen horror (D:11)
  An orc knight (D:11)
  2 cyclopes (D:11)
  A gargoyle (D:11)
  2 trolls
  A hornet (D:8)
  A shadow (D:11)
  A vampire (D:9)
  A yak (D:7)
  A yak (shapeshifter) (D:11)
  A human (D:7)
  3 hogs (D:7)
  A hungry ghost (D:10)
  2 hornet zombies (D:11)
  4 orc warriors
  2 sky beasts
  An eye of draining (D:10)
  4 ice beasts
  2 phantoms
  9 ogres
  4 centaurs
  A crocodile (D:10)
  8 bullfrogs
  A big kobold (D:11)
  A gnoll sergeant (D:6)
  6 scorpions
  6 killer bees (D:7)
  16 wights
  5 crimson imps
  3 howler monkeys (D:9)
  A centaur zombie (D:6)
  2 bullfrog zombies
  A quasit (D:9)
  8 hounds
  7 orc priests
  9 orc wizards
  2 centaur skeletons
  4 jellies
  2 bullfrog skeletons
  4 iguanas
  11 worker ants
  A hound zombie (D:4)
  A hound skeleton (D:8)
  Robin (D:2)
  2 worker ant zombies
  16 gnolls
  9 adders
  A shadow imp (D:10)
  An ooze (D:2)
  2 adder skeletons
  3 worms
  3 dart slugs
  6 leopard geckos
  58 orcs
  A ball python (D:3)
  5 giant cockroaches
  18 goblins
  11 hobgoblins
  8 jackals
  13 kobolds
  4 quokkas
  11 bats
  6 frilled lizards
  A leopard gecko skeleton (D:7)
  A leopard gecko zombie (D:6)
  A quokka skeleton (D:8)
  11 rats
345 creatures vanquished.

Vanquished Creatures (others)
  A wizard (D:6)
  A plant (D:10)
2 creatures vanquished.

Grand Total: 347 creatures vanquished

Notes
Turn   | Place    | Note
-------+----------+-------------------------------------------
     0 | D:1      | Borgoz the Kobold Berserker began the quest for the Orb.
     0 | D:1      | Reached XP level 1. HP: 14/14 MP: 1/1
   112 | D:1      | Reached XP level 2. HP: 19/19 MP: 2/2
   244 | D:1      | Reached skill level 1 in Stealth
   287 | D:1      | Reached XP level 3. HP: 19/23 MP: 3/3
   538 | D:1      | Reached ** piety under Trog
   914 | D:2      | Reached XP level 4. HP: 20/28 MP: 4/4
   941 | D:2      | Noticed Robin
   975 | D:2      | Killed Robin
  1501 | D:3      | Reached XP level 5. HP: 33/33 MP: 5/5
  1513 | D:3      | Reached *** piety under Trog
  1560 | D:3      | Reached XP level 6. HP: 21/38 MP: 6/6
  1911 | D:3      | Reached skill level 5 in Short Blades
  2074 | D:4      | Found a staircase to the Ecumenical Temple.
  2111 | Temple   | Entered the Ecumenical Temple
  2258 | D:4      | Noticed an ogre
  2275 | D:4      | Killed an ogre
  2275 | D:4      | Reached XP level 7. HP: 25/44 MP: 7/7
  2489 | D:4      | Found a stormy altar of Qazlal.
  2621 | D:4      | Reached **** piety under Trog
  2764 | D:4      | Reached XP level 8. HP: 48/48 MP: 8/8
  2877 | D:4      | Reached skill level 6 in Short Blades
  2981 | D:5      | Entered Level 5 of the Dungeon
  3021 | D:5      | Reached skill level 5 in Fighting
  3127 | D:5      | Reached skill level 5 in Stealth
  3133 | D:5      | Reached skill level 5 in Dodging
  3476 | D:5      | Reached skill level 5 in Armour
  3923 | D:6      | Got a bronze leather armour
  3934 | D:6      | Identified the +2 leather armour "Gagaeff" {rN+ Dex+3} (You
                  | found it on level 6 of the Dungeon)
  4059 | D:6      | Reached XP level 9. HP: 24/54 MP: 9/9
  4165 | D:6      | Reached skill level 7 in Short Blades
  4265 | D:6      | Got an ivory hand axe
  4305 | D:6      | Reached skill level 1 in Evocations
  4478 | D:6      | Found a bloodstained altar of Trog.
  4479 | D:6      | Noticed a wizard
  4485 | D:6      | Killed a wizard
  4727 | D:7      | Reached skill level 1 in Shields
  4842 | D:7      | Reached XP level 10. HP: 61/61 MP: 12/12
  4896 | D:7      | Reached skill level 8 in Short Blades
  4920 | D:7      | Reached ***** piety under Trog
  5606 | D:8      | Found a large runed translucent door.
  5606 | D:8      | Found a large runed translucent door.
  5680 | D:8      | Paralysed by a hornet for 3 turns
  5686 | D:8      | Found a large runed translucent door.
  5686 | D:8      | Found a large runed translucent door.
  6017 | D:8      | Received a gift from Trog
  6018 | D:8      | Got an iridescent rapier {god gift}
  6019 | D:8      | Identified the +6 rapier "Harotoh" {venom, rElec} (Trog
                  | gifted it to you on level 8 of the Dungeon)
  6067 | D:8      | Identified the +6 quarterstaff "Itokisum" {freeze, MR+}
  7049 | D:9      | Found a roughly hewn altar of Beogh.
  7158 | D:9      | Noticed Erica
  7166 | D:9      | Killed Erica
  7166 | D:9      | Reached skill level 9 in Short Blades
  7166 | D:9      | Reached XP level 11. HP: 67/67 MP: 14/14
  7386 | D:9      | Identified the +5 hand axe "Inuegonuso" {venom, rC+ Int+2}
                  | (You found it on level 6 of the Dungeon)
  7456 | D:9      | Found a staircase to the Lair.
  7470 | D:9      | Reached skill level 5 in Evocations
  7876 | D:10     | Entered Level 10 of the Dungeon
  8155 | D:10     | Found a runed translucent gate.
  8156 | D:10     | Found a runed translucent gate.
  8157 | D:10     | Found a runed translucent gate.
  8160 | D:10     | Noticed a nine-headed hydra
  8160 | D:10     | Noticed bmj180's ghost (novice TrMo)
  8204 | D:10     | Got a scorched jade ring
  8206 | D:10     | Identified the ring "Jopsogan" {rC+ AC+1} (You found it on
                  | level 10 of the Dungeon)
  8265 | D:10     | Noticed a death knight
  8300 | D:10     | Killed a death knight
  8788 | D:11     | Got a jewelled scale mail
  8799 | D:11     | Identified the +5 scale mail of Magic {rC+ SInv} (You found
                  | it on level 11 of the Dungeon)
  8808 | D:11     | Noticed a two-headed ogre
  8816 | D:11     | Killed a two-headed ogre
  8840 | D:11     | Received a gift from Trog
  8957 | D:11     | Noticed an unseen horror
  8962 | D:11     | Killed an unseen horror
  8987 | D:11     | Reached skill level 10 in Short Blades
  9027 | D:11     | Noticed a two-headed ogre
  9039 | D:11     | Killed a two-headed ogre
  9039 | D:11     | Reached XP level 12. HP: 60/75 MP: 15/15
  9402 | D:11     | Noticed a centaur warrior
  9413 | D:11     | Killed a centaur warrior
  9575 | D:11     | Noticed an ogre mage
  9583 | D:11     | Killed an ogre mage
  9583 | D:11     | Reached skill level 5 in Shields
  9646 | D:11     | Noticed a frost giant
  9650 | D:11     | Noticed a deep troll earth mage
  9659 | D:11     | HP: 3/114 [frost giant/bolt of cold (5)]
  9660 | D:11     | Killed a frost giant
  9666 | D:11     | Slain by a deep troll earth mage

Skill      XL: |  1  2  3  4  5  6  7  8  9 10 11 12 |
---------------+-------------------------------------+-----
Stealth        | 1 2 3 4 5 6 |  6.3
Armour         | 2 3 4 5 6 7 8 9 |  9.6
Dodging        | 3 4 5 6 7 9 |  9.8
Fighting       | 4 5 6 7 8 9 |  9.3
Short Blades   | 5 6 7 9 10 | 10.8
Evocations     | 2 4 5 |  5.0
Shields        | 1 3 4 5 |  5.2

Action                   |  1- 3 |  4- 6 |  7- 9 | 10-12 || total
-------------------------+-------+-------+-------+-------++-------
Melee: Short sword       |   127 |    34 |       |    17 ||   178
       Dagger            |       |   154 |   369 |   183 ||   706
       Rapier            |       |       |       |   555 ||   555
Invok: Berserk           |     1 |     3 |     6 |     8 ||    18
       Trog's Hand       |       |       |     1 |     1 ||     2
Evoke: Wand              |       |       |     4 |       ||     4
  Use: Scroll            |     1 |     4 |     6 |     7 ||    18
       Potion            |       |       |     1 |       ||     1
 Stab: Sleeping          |       |     2 |    10 |    24 ||    36
       Invisible         |       |       |     3 |       ||     3
  Eat: Chunk             |     9 |     7 |    15 |    29 ||    60
Armor: Animal skin       |    14 |       |       |       ||    14
       Ring mail         |    41 |    65 |    32 |       ||   138
       Leather armour    |       |       |    20 |    55 ||    75
       Scale mail        |       |       |       |    34 ||    34
       Troll leather arm |       |       |       |    16 ||    16
Dodge: Dodged            |   100 |   143 |   230 |   292 ||   765
Block: Shield            |       |       |    18 |   321 ||   339
       Reflection        |       |       |       |     6 ||     6
